 Dungeon Crawl Stone Soup version 0.20.1-1-g8b1a95d (webtiles) character file.

58 Ladykiller69 the Charmwright (level 4, 0/34 HPs)
             Began as a Formicid Skald on Aug 13, 2017.
             Succumbed to an adder's poison
             ... on level 2 of the Dungeon.
             The game lasted 00:04:38 (1538 turns).

Ladykiller69 the Charmwright (Formicid Skald)       Turns: 1538, Time: 00:04:39

Health: 0/34       AC:  3    Str: 17    XL:     4   Next: 21%
Magic:  8/8        EV: 12    Int: 12    God:
Gold:   102        SH:  0    Dex: 10    Spells: 2/8 levels left

rFire    . . .     SeeInvis +   a - +0 hand axe
rCold    . . .     Gourm    .   (no shield)
rNeg     . . .     Faith    .   b - +0 leather armour
rPois    .         Spirit   .   (helmet unavailable)
rElec    .         Reflect  .   (no cloak)
rCorr    .         Harm     .   (no gloves)
MR       .....                  (no boots)
Stlth    +.........             (no amulet)
Regen    0.2/turn               (no ring)
MPRegen  0.2/turn               (no ring)

@: lethally poisoned (0 -> -10)
A: permanent stasis, dig shafts and tunnels, four strong arms, antennae 3
a: Dig, Shaft Self


You were on level 2 of the Dungeon.
You were hungry.

You visited 1 branch of the dungeon, and saw 2 of its levels.

You collected 102 gold pieces.

Inventory:

Hand Weapons
 a - a +0 hand axe (weapon)
Armour
 b - a +0 leather armour (worn)
Scrolls
 e - a scroll of immolation {unknown}
 f - a scroll of teleportation {unknown}
 g - a scroll of enchant weapon {unknown}
Potions
 j - 2 potions of magic
Books
 c - a book of Battle

   Spells                             Type                      Level
   a - Infusion                       Charms                       1
   b - Shroud of Golubria             Charms/Translocation         2
   c - Song of Slaying                Charms                       2
   d - Spectral Weapon                Hexes/Charms                 3
   e - Regeneration                   Charms/Necromancy            3
Comestibles
 d - 2 bread rations
 h - 2 meat rations
 i - a chunk of flesh


   Skills:
 + Level 2.6 Fighting
 * Level 2.8 Axes
 - Level 1.1 Armour
 - Level 2.0 Dodging
 + Level 2.8 Spellcasting
 * Level 1.2 Hexes
 - Level 3.1 Charms


You had 2 spell levels left.
You knew the following spells:

 Your Spells              Type           Power        Failure   Level  Hunger
a - Infusion              Chrm           #...         9%          1    #......
b - Shroud of Golubria    Chrm/Tloc      #.........   24%         2    ###....
c - Spectral Weapon       Hex/Chrm       #.......     36%         3    ###....


Dungeon Overview and Level Annotations

Branches:
Dungeon (2/15)

Altars:
Gozag


Innate Abilities, Weirdness & Mutations

You cannot be hasted, slowed, berserked, paralysed or teleported.
You can dig through walls and to a lower floor.
Your four strong arms can wield two-handed weapons with a shield.
You have a pair of large antennae on your head. (SInv)


Message History

* * * LOW HITPOINT WARNING * * *
You feel sick. The dart slug launches a dart at you. The slug dart hits you!
It was a potion of cancellation.
Your magical effects are unravelling.
You feel magically purged.
You feel less wooden.
Your +0 leather armour unmelds from your body.
You are no longer magically infusing your attacks.
* * * LOW HITPOINT WARNING * * *
You feel sick.
You hit the dart slug.
The dart slug is lightly wounded.
* * * LOW HITPOINT WARNING * * *
You feel sick. The dart slug bites you.
* * * LOW HITPOINT WARNING * * *
You hit the dart slug.
The dart slug is lightly wounded.
You die...

#.# #####.## #.# #.......
######.##### #.......
#..........# #.......
#..........# #####.##
#..........######### #######.##
#.....>............. .........)
#..........#.########.########.##
######..........@w.<.............
#######.##.#####.########.##
#.##.# #.# #.##.# #.# #+##.. #.##
#.# #... ### ####


You could see a dart slug.

Vanquished Creatures
  2 adders (D:2)
  2 oozes
  A dart slug (D:1)
  2 bats (D:2)
  A giant cockroach (D:2)
  5 goblins
  3 hobgoblins (D:1)
  3 jackals (D:1)
  2 frilled lizards (D:1)
  3 kobolds (D:1)
  6 rats (D:1)
30 creatures vanquished.

Notes
Turn   | Place    | Note
-------+----------+-------------------------------------------
     0 | D:1      | Ladykiller69 the Formicid Skald began the quest for the Orb.
     0 | D:1      | Reached XP level 1. HP: 16/16 MP: 3/3
   203 | D:1      | Reached XP level 2. HP: 22/22 MP: 1/5
   391 | D:1      | Learned a level 2 spell: Shroud of Golubria
   575 | D:1      | Reached XP level 3. HP: 28/28 MP: 1/7
   710 | D:1      | Learned a level 3 spell: Spectral Weapon
  1104 | D:2      | Found an opulent altar of Gozag.
  1477 | D:2      | Reached skill level 1 in Hexes
  1477 | D:2      | Reached XP level 4. HP: 23/34 MP: 3/8
  1537 | D:2      | HP: 1/34 [dart slug (1)]
  1538 | D:2      | Succumbed to an adder's poison

Skill      XL: |  1  2  3 |
---------------+----------+-----
Dodging        | 2 |  2.0
Hexes          | 1 |  1.2
Fighting       | |  2.6
Axes           | |  2.8
Armour         | |  1.1
Spellcasting   | |  2.8
Charms         | |  3.1

Action                   |  1- 3 |  4- 6 || total
-------------------------+-------+-------++-------
Melee: Hand axe          |    73 |     6 ||    79
 Cast: Infusion          |    21 |     1 ||    22
       Shroud of Golubri |       |     1 ||     1
 Abil: Dig               |     1 |       ||     1
  Use: Potion            |       |     3 ||     3
  Eat: Chunk             |     2 |       ||     2
Armor: Leather armour    |    18 |       ||    18
       Skin              |       |     1 ||     1
Dodge: Dodged            |    45 |     3 ||    48
